 Dungeon Crawl Stone Soup version 0.22-a0-456-g11ed031 (webtiles) character file.

82806 xccam the Grappler (level 15, -4/135 HPs)
             Began as a Grey Draconian Transmuter on June 7, 2018.
             Was a High Priest of Okawaru.
             Slain by Agnes
             ... wielding a +0 lajatang
              (44 damage)
             ... on level 14 of the Dungeon.
             The game lasted 01:08:21 (32657 turns).

xccam the Grappler (Grey Draconian Transmuter)     Turns: 32657, Time: 01:08:21

Health: -4/135     AC: 21    Str: 17    XL:     15   Next: 30%
Magic:  9/21       EV: 21    Int: 17    God:    Okawaru [*****.]
Gold:   1426       SH:  5    Dex: 11    Spells: 18/26 levels left

rFire    . . .     SeeInvis +     - Unarmed
rCold    + . .     Gourm    .   (shield currently unavailable)
rNeg     . . .     Faith    .   (armour unavailable)
rPois    +         Spirit   .   T - +2 hat {Int+3}
rElec    .         Reflect  +   V - +2 cloak of the Thief {+Fog Slay-2 SInv Stlth+}
rCorr    .         Harm     .   (gloves currently unavailable)
MR       +....                  e - +1 pair of boots
Stlth    ++++......             l - +5 amulet of reflection
HPRegen  0.32/turn              B - ring of protection from cold
MPRegen  0.17/turn              n - ring of poison resistance

@: blade hands, heroism, finesse
A: walk through water, unfitting armour, antennae 1, dopey 1, low mp 1,
unbreathing, cold-blooded, AC +14
a: End Transformation, Heroism, Finesse, Renounce Religion, Evoke Fog


You were on level 14 of the Dungeon.
You worshipped Okawaru.
Okawaru was extremely pleased with you.
You were not hungry.
You had blades for hands.
You visited 4 branches of the dungeon, and saw 23 of its levels.

You collected 2163 gold pieces.
You spent 737 gold pieces at shops.

Inventory:

Missiles
 a - 326 arrows
Armour
 e - a +1 pair of boots (worn)
 m - a scarf of cloud immunity
 M - the +0 buckler of Jigsaw (melded) {Int+7 Dex+3}
   (You found it on level 1 of the Lair of Beasts)

   It affects your intelligence (+7).
   It affects your dexterity (+3).
 P - a +2 large shield of protection
 R - a +2 shield of cold resistance
 T - a +2 hat of intelligence (worn)
 V - the +2 cloak of the Thief (worn) {+Fog Slay-2 SInv Stlth+}
   (You bought it in a shop on level 2 of the Orcish Mines)

   It affects your accuracy and damage with ranged weapons and melee attacks
   (-2).
   It lets you see invisible.
   It makes you more stealthy.
 Y - a +2 pair of gloves of archery (melded)
Jewellery
 d - a +4 ring of strength
 f - an uncursed ring of wizardry
 l - a +5 amulet of reflection (around neck)
 n - a ring of poison resistance (right scythe-like blade)
 o - an uncursed ring of fire
 w - a +3 ring of evasion
 B - a ring of protection from cold (left scythe-like blade)
 F - an uncursed amulet of faith
 H - a +4 amulet of reflection
 O - an uncursed ring of positive energy
Wands
 g - a wand of polymorph (23)
 q - a wand of acid (13)
 t - a wand of flame (56)
 u - a wand of paralysis (19)
 y - a wand of iceblast (20)
 C - a wand of disintegration (5)
 D - a wand of digging (12)
 I - a wand of random effects (20)
 Q - a wand of clouds (3)
Scrolls
 h - 5 scrolls of fear
 i - 5 scrolls of magic mapping
 j - 8 scrolls of remove curse
 p - 9 scrolls of teleportation
 s - 4 scrolls of fog
 v - 5 scrolls of immolation
 K - 8 scrolls of amnesia
 L - a scroll of identify
 U - a scroll of summoning
Potions
 b - 2 potions of agility
 k - 2 potions of cancellation
 r - 2 potions of curing
 x - 2 potions of magic
 z - 5 potions of mutation
 A - 4 potions of heal wounds
 E - a potion of lignification
 G - 3 potions of brilliance
 N - a potion of might
Comestibles
 c - 35 rations
 J - 5 chunks of flesh


   Skills:
 + Level 13.0(18.0) Fighting
 + Level 11.3(16.3) Dodging
 - Level 5.0(10.0) Shields
 + Level 13.3(18.3) Unarmed Combat
 - Level 6.0 Spellcasting
 - Level 13.0 Transmutations
 - Level 9.0 Invocations
 + Level 2.2 Evocations


You had 18 spell levels left.
You knew the following spells:

 Your Spells              Type           Power        Failure   Level  Hunger
a - Beastly Appendage     Tmut           #####.       6%          1    None
b - Sticks to Snakes      Tmut           #####...     7%          2    None
c - Blade Hands           Tmut           #####.....   19%         5    #####..

Your spell library contained the following spells:

 Spells                   Type           Power        Failure   Level  Hunger
 Cause Fear               Hex            #.........   97%         4    ####...
 Slow                     Hex            #.......     61%         2    None
 Mephitic Cloud           Conj/Pois/Air  #.......     78%         3    ##.....
 Venom Bolt               Conj/Pois      #.........   100%        5    #####..
 Olgreb's Toxic Radiance  Pois           #.......     97%         4    ####...
 Sting                    Conj/Pois      #...         52%         1    None
 Stone Arrow              Conj/Erth      #.....       78%         3    ##.....
 Spider Form              Tmut/Pois      ####......   24%         3    ##.....
 Ice Form                 Ice/Tmut       ####....     43%         4    ####...
 Deflect Missiles         Chrm/Air       #.........   100%        6    #######
 Passwall                 Tmut/Erth      ####....     17%         2    None
 Silence                  Hex/Air        #.........   100%        5    #####..
 Corona                   Hex            #......      52%         1    None
 Lee's Rapid Deconstruct  Erth           #.........   100%        5    #####..
 Sandblast                Erth           #.....       52%         1    None
 Portal Projectile        Hex/Tloc       #.....       78%         3    ##.....
 Petrify                  Tmut/Erth      ####....     43%         4    ####...
 Leda's Liquefaction      Hex/Erth       #.........   97%         4    ####...
 Inner Flame              Hex/Fire       #.......     78%         3    ##.....
 Discord                  Hex            #.........   100%        8    #######
 Yara's Violent Unravell  Hex/Tmut       ####......   67%         5    #####..
 Poisonous Vapours        Pois/Air       #.....       61%         2    None


Dungeon Overview and Level Annotations

Branches:
Dungeon (14/15)            Temple (1/1) D:4            Lair (6/6) D:8
 Shoals (0/4) Lair:2       Spider (0/4) Lair:4        Slime (0/5) Lair:5
    Orc (2/2) D:9             Elf (0/3) Orc:2        Vaults (0/5) D:13

Altars:
Ashenzari
Cheibriados
Dithmenos
Fedhas
Gozag
Kikubaaqudgha
Nemelex Xobeh
Okawaru
Qazlal
Ru
Sif Muna
Trog
Vehumet
Wu Jian
Yredelemnul
Beogh

Shops:
D:2 *   D:8 =   D:12 %   Orc:1 (   Orc:2 %[[

Annotations:
D:12 1 runed door, exclusion: orange crystal statue
D:14 Agnes
Lair:4 exclusion: 3 oklob plants


Innate Abilities, Weirdness & Mutations

You can walk through water.
Your dull iron-grey scales are very hard. (AC +14)
You cannot fit into any form of body armour.
You can survive without breathing.
You are cold-blooded and may be slowed by cold attacks.
You have a pair of small antennae on your head.
You are dopey. (Int -2)
Your magical capacity is low. (-10% MP)


Message History

You can now deal lightning-fast blows.
Agnes hits you with a lajatang!!
* * * LOW HITPOINT WARNING * * *
You block Agnes's attack. You block the troll's attack.
The troll completely misses you. You block the troll's attack.
Unknown command.
You feel much better. Agnes hits you with a lajatang.
* * * LOW HITPOINT WARNING * * *
Agnes barely misses you. You block the troll's attack.
The troll claws you but does no damage. x2
Casting: Blade Hands (safe; 1% risk of failure)
Confirm with . or Enter, or press ? or * to list all spells.
Your hands turn into razor-sharp scythe blades.
Your +2 pair of gloves of archery melds into your body.
The +0 buckler of Jigsaw {Int+7 Dex+3} melds into your body.
Your aim is not that steady anymore.
Agnes completely misses you. You block Agnes's attack.
The troll barely misses you. The troll claws you but does no damage.
The troll barely misses you. Agnes hits you with a lajatang!!!
You die...

.....[..............######..#####
###################'#....'.{#....
#.......'....#..#....
+.......###'##..#....
#.......#....####....
#########..#....'.......
................#.......
......i....#######+#####
......T@........# #....
................# #....
#####'######....# #.... ...
#....#####..# .... #........#..#
..... #........#..# ....
#........#..# '##. ##..######.##
#...[.....#


You could see Agnes (berserk) and a troll.

Vanquished Creatures
  Kirke (D:14)
  An orc warlord (Orc:2)
  2 entropy weavers (Lair:5)
  Snorg (D:14)
  Josephine (D:13)
  A fire dragon (Lair:6)
  Erolcha (D:9)
  The ghost of MisterFreud the Cleaver, a journeyman FoFi of Cheibriados (D:9)
  9 hydras
  3 ghost crabs (Lair:5)
  Erica (Lair:2)
  An ogre mage (D:13)
  9 two-headed ogres
  4 orc high priests (Orc:2)
  5 fire crabs (Lair:5)
  Nergalle (Lair:4)
  The ghost of Soeti the Insei, a novice OpTm of Cheibriados (D:8)
  A lindwurm (Lair:6)
  Pikel (D:9)
  5 orc sorcerers (Orc:2)
  3 orc knights (Orc:2)
  An oklob plant (Lair:4)
  The ghost of kirsanium the Skirmisher, a novice DsMo of Wu Jian (D:6)
  An orb spider (Lair:4)
  A cyclops (D:11)
  3 merfolk sirens (Lair:2)
  3 ugly things
  5 black mambas
  11 elephants (Lair:6)
  An apocalypse crab (Lair:5)
  The ghost of kirsanium the Skirmisher, a novice DsMo of Wu Jian (D:5)
  2 molten gargoyles (Lair:6)
  8 spiny frogs
  A centaur skeleton (D:14)
  A freezing wraith (D:14)
  7 komodo dragons
  10 trolls
  A merfolk (Lair:2)
  2 hornets (D:12)
  10 slime creatures
  Grinder (D:6)
  17 dream sheep
  9 blink frogs (Lair:5)
  5 hippogriffs
  3 shadows
  A spriggan (D:7)
  4 wraiths (D:13)
  24 yaks
  2 wyverns (Lair:6)
  A hog (D:14)
  5 basilisks
  3 hungry ghosts
  3 steam dragons (Lair:6)
  5 vampire mosquitoes
  4 wargs (Orc:2)
  Edmund (D:4)
  An acid dragon (D:12)
  9 water moccasins
  4 hell hounds (Lair:6)
  7 porcupines
  A hornet zombie (D:13)
  3 black bears
  4 phantoms
  3 sky beasts
  37 orc warriors
  2 ice beasts
  20 ogres
  5 necrophages (Lair:4)
  6 centaurs
  3 wolves (Lair:5)
  11 crocodiles
  A big kobold (D:11)
  2 wyvern zombies
  10 bullfrogs
  2 water moccasin zombies
  2 scorpions
  12 wights
  3 killer bees (D:8)
  2 howler monkeys
  10 electric eels
  4 crimson imps
  5 lava snakes (Lair:6)
  8 hounds
  A gnoll shaman (D:7)
  39 orc priests
  A bullfrog skeleton (D:7)
  6 hell rats (Lair:5)
  23 orc wizards
  7 worker ants
  A hound zombie (D:6)
  2 hound skeletons (D:4)
  14 adders
  21 gnolls
  A howler monkey skeleton (D:4)
  A shadow imp (D:13)
  An ooze (D:3)
  An adder zombie (D:9)
  2 worms (D:6)
  3 dart slugs
  4 leopard geckos
  104 orcs
  9 bats
  4 giant cockroaches
  9 goblins
  14 hobgoblins
  4 jackals (D:11)
  11 quokkas
  A ball python (D:1)
  6 frilled lizards
  15 kobolds
  A quokka skeleton (D:5)
  6 rats
700 creatures vanquished.

Vanquished Creatures (collateral kills)
  A two-headed ogre (D:6)
  An ogre (D:4)
  A gnoll (D:6)
3 creatures vanquished.

Vanquished Creatures (others)
  An adder (D:11)
  8 fungi
  3 plants
12 creatures vanquished.

Grand Total: 715 creatures vanquished

Notes
Turn   | Place    | Note
-------+----------+-------------------------------------------
     0 | D:1      | xccam the Draconian Transmuter began the quest for the Orb.
     0 | D:1      | Reached XP level 1. HP: 16/16 MP: 3/3
    72 | D:1      | Reached XP level 2. HP: 19/23 MP: 5/5
   576 | D:1      | Reached XP level 3. HP: 28/28 MP: 6/6
  1321 | D:2      | Found an opulent altar of Gozag.
  1323 | D:2      | Found Gozag's Platinum Reserve.
  1492 | D:2      | Reached XP level 4. HP: 31/35 MP: 7/7
  1516 | D:2      | Reached skill level 5 in Unarmed Combat
  1643 | D:2      | Learned a level 2 spell: Sticks to Snakes
  1737 | D:2      | Found a stormy altar of Qazlal.
  2647 | D:3      | Reached XP level 5. HP: 29/40 MP: 6/8
  2738 | D:3      | Found a shattered altar of Ashenzari.
  3135 | D:4      | Found a blossoming altar of Fedhas.
  3213 | D:4      | Found a staircase to the Ecumenical Temple.
  3219 | D:4      | Noticed an ogre
  3222 | Temple   | Entered the Ecumenical Temple
  3326 | Temple   | Became a worshipper of Warmaster Okawaru
  3602 | D:4      | Noticed an ogre
  3615 | D:4      | Killed an ogre
  3615 | D:4      | Reached XP level 6. HP: 34/47 MP: 3/9
  3636 | D:4      | HP: 2/47 [gnoll/halberd (1)]
  4070 | D:4      | Noticed Edmund
  4093 | D:4      | Killed Edmund
  4093 | D:4      | Reached * piety under Okawaru
  4093 | D:4      | Reached skill level 5 in Transmutations
  4093 | D:4      | Your scales start taking on a dull iron-grey colour.
  4093 | D:4      | Reached XP level 7. HP: 13/52 MP: 5/10
  4093 | D:4      | Gained mutation: You can survive without breathing. [Grey Draconian growth]
  4926 | D:4      | Found a bloodstained altar of Trog.
  4988 | D:4      | Found a sparkling altar of Nemelex Xobeh.
  4996 | D:4      | Learned a level 5 spell: Blade Hands
  5105 | D:5      | Entered Level 5 of the Dungeon
  5120 | D:5      | Found a stormy altar of Qazlal.
  5299 | D:5      | Reached skill level 1 in Invocations
  5349 | D:5      | Found a radiant altar of Vehumet.
  5406 | D:5      | Noticed kirsanium's ghost (novice DsMo)
  5440 | D:5      | Killed kirsanium's ghost
  5440 | D:5      | Reached ** piety under Okawaru
  5444 | D:5      | Reached XP level 8. HP: 21/59 MP: 6/11
  6257 | D:6      | Noticed a troll
  6265 | D:6      | Killed a troll
  6347 | D:6      | Noticed a two-headed ogre
  6369 | D:6      | Killed a two-headed ogre
  6676 | D:6      | Reached XP level 9. HP: 63/64 MP: 10/13
  6789 | D:6      | Noticed Grinder
  6800 | D:6      | Killed Grinder
  6800 | D:6      | Reached *** piety under Okawaru
  7058 | D:6      | Noticed a two-headed ogre
  7065 | D:6      | Noticed kirsanium's ghost (novice DsMo)
  7089 | D:6      | Killed a two-headed ogre
  7089 | D:6      | Reached **** piety under Okawaru
  7093 | D:6      | Killed kirsanium's ghost
  7093 | D:6      | Reached skill level 10 in Transmutations
  7743 | D:7      | Reached XP level 10. HP: 45/71 MP: 16/16
  7968 | D:7      | Found an iron altar of Okawaru.
  8434 | D:7      | Reached skill level 1 in Shields
  8613 | D:7      | Found a snail-covered altar of Cheibriados.
  8905 | D:8      | Noticed Soeti's ghost (novice OpTm)
  8918 | D:8      | Killed Soeti's ghost
  8979 | D:8      | Reached ***** piety under Okawaru
  9035 | D:8      | Reached skill level 5 in Shields
  9071 | D:8      | Found a staircase to the Lair.
  9196 | D:8      | You fall through a shaft for 2 floors!
  9196 | D:10     | Entered Level 10 of the Dungeon
  9316 | D:9      | Found a staircase to the Orcish Mines.
  9317 | D:9      | Noticed Pikel
  9327 | D:9      | Killed Pikel
  9327 | D:9      | Received a gift from Okawaru
  9629 | D:8      | Found a sacrificial altar of Ru.
  9671 | D:8      | Found Figg's Jewellery Emporium.
 10143 | D:9      | Noticed a two-headed ogre
 10150 | D:9      | Killed a two-headed ogre
 10211 | D:9      | Reached XP level 11. HP: 42/77 MP: 9/17
 10358 | D:9      | Noticed MisterFreud's ghost (journeyman FoFi)
 10370 | D:9      | Killed MisterFreud's ghost
 10462 | D:9      | HP: 3/77 [troll (7)]
 10463 | D:9      | HP: 1/77 [troll (2)]
 11079 | D:9      | Noticed a two-headed ogre
 11082 | D:9      | Noticed Erolcha
 11084 | D:9      | Killed a two-headed ogre
 11090 | D:9      | Killed Erolcha
 12449 | D:11     | Noticed a two-headed ogre
 12468 | D:11     | Killed a two-headed ogre
 13122 | D:11     | Noticed a cyan ugly thing
 13134 | D:11     | Killed a cyan ugly thing
 13517 | D:11     | Reached skill level 5 in Fighting
 13542 | D:11     | Noticed a six-headed hydra
 13624 | D:11     | Killed a six-headed hydra
 14438 | Lair:1   | Entered Level 1 of the Lair of Beasts
 14486 | Lair:1   | Reached skill level 5 in Dodging
 14545 | Lair:1   | Identified a scroll of acquirement
 14670 | Lair:1   | Got a translucent buckler
 14681 | Lair:1   | Identified the cursed +0 buckler of Jigsaw {Int+7 Dex+3} (You found it on level 1 of the Lair of Beasts)
 15054 | Lair:1   | Reached XP level 12. HP: 78/96 MP: 18/18
 15106 | Lair:1   | Noticed a six-headed hydra
 15115 | Lair:1   | Killed a six-headed hydra
 15655 | Lair:2   | Found a staircase to the Shoals.
 16239 | Lair:2   | Noticed Erica
 16265 | Lair:2   | Killed Erica
 17570 | Lair:4   | Noticed a five-headed hydra
 17594 | Lair:4   | Killed a five-headed hydra
 17610 | Lair:4   | Noticed Nergalle
 17641 | Lair:4   | Killed Nergalle
 18488 | Lair:4   | Found a hole to the Spider Nest.
 18522 | Lair:4   | Noticed a six-headed hydra
 18552 | Lair:4   | Reached ****** piety under Okawaru
 18563 | Lair:4   | Killed a six-headed hydra
 18563 | Lair:4   | Reached XP level 13. HP: 86/108 MP: 12/20
 19175 | Lair:4   | Reached skill level 10 in Unarmed Combat
 19175 | Lair:4   | Reached skill level 5 in Spellcasting
 19352 | Lair:5   | Found a staircase to the Slime Pits.
 20412 | Lair:5   | Found a runed door.
 20914 | Lair:5   | Received a gift from Okawaru
 21045 | Lair:5   | Noticed an entropy weaver
 21083 | Lair:5   | Killed an entropy weaver
 21676 | Lair:5   | Noticed an entropy weaver
 21690 | Lair:5   | Killed an entropy weaver
 21815 | Lair:6   | Entered Level 6 of the Lair of Beasts
 21840 | Lair:6   | Reached skill level 10 in Fighting
 22237 | Lair:6   | Received a gift from Okawaru
 22501 | Lair:6   | Noticed a fire dragon
 22503 | Lair:6   | Found a large runed door.
 22504 | Lair:6   | Found a large runed door.
 23044 | Lair:6   | Reached XP level 14. HP: 102/122 MP: 23/23
 25225 | Orc:1    | Entered Level 1 of the Orcish Mines
 25627 | Orc:1    | Found Uckeank's Antique Weapon Shop.
 25828 | Orc:2    | Entered Level 2 of the Orcish Mines
 25848 | Orc:2    | Reached skill level 10 in Dodging
 26835 | Orc:2    | Found Zohook's Antique Armour Shoppe.
 26868 | Orc:2    | Bought the +2 cloak of the Thief {+Fog Slay-2 SInv Stlth+} for 482 gold pieces
 26868 | Orc:2    | Found the +2 cloak of the Thief {+Fog Slay-2 SInv Stlth+}
 26884 | Orc:2    | Found Tuwnu's Antique Armour Emporium.
 26966 | Orc:2    | Found a roughly hewn altar of Beogh.
 28097 | Orc:2    | Found a staircase to the Elven Halls.
 28204 | Orc:2    | Found Jyteossu's Jewellery Boutique.
 28418 | Orc:2    | Received a gift from Okawaru
 28448 | Orc:2    | Noticed an orc warlord
 28449 | Orc:2    | Found a roughly hewn altar of Beogh.
 28484 | Orc:2    | Killed an orc warlord
 28552 | Orc:2    | Gained mutation: You have a pair of small antennae on your head. [a neqoxec]
 28557 | Orc:2    | Gained mutation: You are dopey. (Int -2) [a neqoxec]
 28558 | Orc:2    | Found Qiusenai's Food Shop.
 28561 | Orc:2    | Gained mutation: Your magical capacity is low. (-10% MP) [a neqoxec]
 29104 | Orc:2    | Bought a pair of runed gloves for 255 gold pieces
 29810 | D:12     | Found a runed door.
 30292 | D:12     | Found Bolucepy's Food Emporium.
 30731 | D:12     | Reached XP level 15. HP: 130/134 MP: 21/21
 31093 | D:13     | Found a gate to the Vaults.
 31870 | D:13     | Noticed Josephine
 31888 | D:13     | Killed Josephine
 31888 | D:13     | Reached skill level 1 in Evocations
 32495 | D:14     | Noticed Kirke
 32503 | D:14     | Killed Kirke
 32578 | D:14     | Noticed Snorg
 32590 | D:14     | Killed Snorg
 32646 | D:14     | Noticed Agnes
 32657 | D:14     | Slain by Agnes

Vault maps used:
D:1:      noname_arrival_rooms_in_the_neighbourhood
D:2:      grunt_qazlal_sundering, nicolae_gozag_zags_fifth_avenue
D:3:      evilmike_ruin_ashenzari
D:4:      kennysheep_mini, old_standard_altar,
          nemelex_xobeh_ov_fountains_minmay, temple_fountains, first_ration,
          uniq_edmund
D:5:      vehumet_crystals, basic_altar
D:6:      uniq_grinder
D:7:      lemuel_round_altar, the_bakery, minivault_14, okawaru_trees_1
D:8:      nicolae_overflow_crystal_walls, lair_entry_dummy, serial_shops, shop,
          kennysheep_decorative_pillar
D:9:      orc_0_dummy, uniq_pikel, uniq_erolcha
D:12:     serial_shops, nicolae_shop_window_shopping, minmay_crystal_box
D:13:     david_vaults_2, evilmike_surprise_oklob, uniq_josephine
D:14:     nicolae_two_hexagons, uniq_agnes, uniq_snorg, uniq_kirke
Temple:   regret_index_temple_generic_petals
Lair:1:   grunt_megastairs_2, lemuel_fruit_fields, lemuel_fruit_tree,
          serial_bayou_shore_a, serial_bayou_shore_b
Lair:2:   elwin_shoals_entry_stream, bh_autumn_forest_stairs, uniq_erica
Lair:4:   nicolae_spider_entry_orb_guardian, roderic_carrion_pond,
          minmay_lair_oklob_chamber, uniq_nergalle
Lair:5:   gammafunk_mikee_crab_dinner, slime_dummy
Lair:6:   cheibrodos_lair_end_hotspot
Orc:1:    serial_shops, shop_statue
Orc:2:    pubby_orc_utopia

Skill      XL: |  1  2  3  4  5  6  7  8  9 10 11 12 13 14 15 |
---------------+----------------------------------------------+-----
Unarmed Combat | 4 5 6 8 9 11 12 13 | 13.3
Transmutations | 3 5 7 8 10 12 13 | 13.0
Invocations    | 3 6 9 |  9.0
Shields        | 5 |  5.0
Dodging        | 5 7 9 10 11 | 11.3
Fighting       | 6 8 10 12 13 | 13.0
Spellcasting   | 4 6 |  6.0
Evocations     | 2 |  2.2

Action                   |  1- 3 |  4- 6 |  7- 9 | 10-12 | 13-15 || total
-------------------------+-------+-------+-------+-------+-------++-------
Melee: Unarmed           |   145 |   173 |   354 |  1295 |  1736 ||  3703
       Tailslap          |    15 |    11 |    42 |   180 |   263 ||   511
       Punch             |     2 |     4 |     5 |     3 |    13 ||    27
       Headbutt          |       |     9 |    10 |       |       ||    19
 Cast: Sticks to Snakes  |       |     8 |    12 |       |     1 ||    21
       Beastly Appendage |       |     5 |     4 |       |       ||     9
       Blade Hands       |       |       |     4 |    15 |    20 ||    39
Invok: Heroism           |       |       |     5 |    24 |    30 ||    59
       Finesse           |       |       |       |     2 |     8 ||    10
 Abil: End Transformatio |       |       |       |     2 |     1 ||     3
Evoke: Wand              |       |     2 |     4 |    26 |     1 ||    33
  Use: Scroll            |       |    11 |     7 |     9 |    10 ||    37
       Potion            |       |     3 |       |     1 |    11 ||    15
 Stab: Sleeping          |     1 |       |     2 |     3 |     7 ||    13
       Paralysed         |       |    12 |    14 |       |       ||    26
       Distracted        |       |     1 |       |       |     2 ||     3
  Eat: Chunk             |     2 |     2 |    13 |    26 |    32 ||    75
       Ration            |       |     2 |     1 |     6 |     6 ||    15
Armor: Skin              |    51 |    51 |   124 |   303 |   346 ||   875
Dodge: Dodged            |    88 |   125 |   255 |   568 |  1044 ||  2080
Block: Buckler           |       |       |       |   449 |   645 ||  1094
       Other             |       |       |       |    24 |    37 ||    61
       Reflection        |       |       |       |     1 |    12 ||    13
       Shield            |       |       |       |       |    13 ||    13

Table legend:
 A = Spawn XP
 B = Non-spawn XP
 C = Spawn XP percentage of total XP
 D = Spawn monster count
 E = Non-spawn monster count
 F = Spawn count percentage of total count
 G = Total turns spent on level
                    A         B        C        D         E        F      G
               +---------+---------+-------+---------+---------+-------+---------
         Total |       0 |  118295 |   0.0 |       0 |     704 |   0.0 | 32657
               +---------+---------+-------+---------+---------+-------+---------
           D:1 |       0 |      49 |   0.0 |       0 |      29 |   0.0 |  1004
           D:2 |       0 |      64 |   0.0 |       0 |      25 |   0.0 |  1266
           D:3 |       0 |     117 |   0.0 |       0 |      20 |   0.0 |  1156
           D:4 |       0 |     714 |   0.0 |       0 |      31 |   0.0 |  1535
           D:5 |       0 |     547 |   0.0 |       0 |      14 |   0.0 |  1152
           D:6 |       0 |    3826 |   0.0 |       0 |      33 |   0.0 |  1131
           D:7 |       0 |    1246 |   0.0 |       0 |      26 |   0.0 |  1276
           D:8 |       0 |    1983 |   0.0 |       0 |      26 |   0.0 |  1404
           D:9 |       0 |    5763 |   0.0 |       0 |      20 |   0.0 |  1437
          D:10 |       0 |     832 |   0.0 |       0 |      11 |   0.0 |   736
          D:11 |       0 |    4841 |   0.0 |       0 |      53 |   0.0 |  2625
          D:12 |       0 |    5386 |   0.0 |       0 |      25 |   0.0 |   853
          D:13 |       0 |    8488 |   0.0 |       0 |      27 |   0.0 |  1176
          D:14 |       0 |    5740 |   0.0 |       0 |      10 |   0.0 |   556
        Lair:1 |       0 |    2863 |   0.0 |       0 |      13 |   0.0 |   891
        Lair:2 |       0 |    6645 |   0.0 |       0 |      24 |   0.0 |  1497
        Lair:3 |       0 |     881 |   0.0 |       0 |       3 |   0.0 |   733
        Lair:4 |       0 |    9192 |   0.0 |       0 |      31 |   0.0 |  1782
        Lair:5 |       0 |   14253 |   0.0 |       0 |      36 |   0.0 |  2666
        Lair:6 |       0 |   23046 |   0.0 |       0 |      67 |   0.0 |  3170
         Orc:1 |       0 |    1696 |   0.0 |       0 |      35 |   0.0 |   606
         Orc:2 |       0 |   20123 |   0.0 |       0 |     145 |   0.0 |  3861
               +---------+---------+-------+---------+---------+-------+---------
